Punishers vs Little Stars
(R1)
Created - November 10, 2024 at 21:29
Goals
|
| Punishers |
1 |
2 |
2 |
5 |
| Little Stars |
1 |
2 |
1 |
4 |
|
Shots
|
| Punishers |
8 |
8 |
13 |
29 |
| Little Stars |
10 |
12 |
7 |
29 |
|
1st period
1. Punishers , Daniel Audette 3 (Carson Meyer 6, Niko Mikkola 5) at 11:43
2. Little Stars , Justin Auger 4 (Emile Poirier 6, Jason Dickinson 7) at 13:41
Penalties :
Oskar Lindblom (Pro) for Cross-checking (Minor) at 15:13
2nd period
3. Punishers , Daniel Audette 4 (Carson Meyer 7, Niko Mikkola 6) at 4:18 (PP)
4. Punishers , Joel Kiviranta 5 (Daniel Audette 11, Carson Meyer 8) at 6:01
5. Little Stars , Jason Dickinson 2 (Emile Poirier 7, Shane Gersich 8) at 9:18 (PP)
6. Little Stars , Cal Burke 3 (Jonathan Dahlen 6, Samuel Girard 11) at 10:38
Penalties :
Nicolas Beaudin (Pro) for Holding (Minor) at 1:04, Connor Mackey (Tex) for Hooking (Minor) at 3:44, Jack Ahcan (Pro) for Hooking (Minor) at 8:42, Braden Tracey (Pro) for Hooking (Minor) at 17:02
3rd period
7. Punishers , Joel Kiviranta 6 (Carson Meyer 9, Daniel Audette 12) at 7:17
8. Little Stars , Jason Dickinson 3 (Connor Mackey 3, Emile Poirier 8) at 8:05
9. Punishers , Braden Tracey 1 (Nicolas Beaudin 7, Adam Ruzicka 2) at 9:02
Penalties :
Jason Dickinson (Tex) for High sticking (Minor) at 9:39, Joel Kiviranta (Pro) for Tripping (Minor) at 13:37
Goalie Stats
Antoine Bibeau (Pro), 25 saves from 29 shots - (0.862), W, 7-3-0, 60:00 minutes
Danil Tarasov (Tex), 24 saves from 29 shots - (0.828), L, 3-5-0, 58:56 minutes
Players Stats for Punishers
Player Name G A P +/- PIM S H SB GA TA FO MP PP MP PK MP
------------------------------------------------------------------------------------
Adam Ruzicka 0 1 1 1 0 5 0 2 0 0 0/5 12:48 0:00 1:06
Ben Betker 0 0 0 0 0 0 1 3 0 5 0/0 27:02 1:39 4:28
Ben Meyers 0 0 0 -1 0 1 1 0 0 0 1/7 6:00 0:00 0:00
Braden Tracey 1 0 1 1 2 1 1 0 0 1 0/0 12:21 0:00 0:00
Carson Meyer 0 4 4 3 0 1 2 0 0 1 1/1 15:57 1:07 0:00
Daniel Audette 2 2 4 3 0 5 2 0 1 1 4/9 19:28 1:07 2:35
Jack Ahcan 0 0 0 -1 2 1 1 0 1 2 0/0 20:44 0:54 4:04
Jesse Ylonen 0 0 0 1 0 2 2 2 0 1 0/1 13:57 0:00 1:49
Joel Kiviranta 2 0 2 3 2 4 3 0 0 0 0/1 17:39 1:07 0:51
Karson Kuhlman 0 0 0 -2 0 0 2 1 0 0 9/21 21:03 1:26 4:36
Kole Lind 0 0 0 -2 0 1 0 1 0 0 0/1 19:41 1:26 2:34
Lassi Thomson 0 0 0 0 0 0 0 0 0 0 0/0 3:30 0:00 0:46
Marcus Karlberg 0 0 0 -1 0 1 0 1 0 0 0/0 6:16 0:00 0:16
Nicolas Beaudin 0 1 1 -1 2 2 1 0 0 0 0/0 20:11 0:54 2:55
Niko Mikkola 0 2 2 0 0 0 1 1 0 0 0/0 24:18 1:39 4:28
Oskar Lindblom 0 0 0 -3 2 4 4 1 1 1 3/6 24:18 1:26 3:17
Rasmus Sandin 0 0 0 2 0 0 0 1 1 0 0/0 12:36 0:00 0:23
Ryan Suzuki 0 0 0 0 0 0 0 0 0 0 0/0 1:21 0:00 0:00
Urho Vaakanainen 0 0 0 2 0 1 0 2 0 0 0/0 12:13 0:00 0:00
Players Stats for Little Stars
Player Name G A P +/- PIM S H SB GA TA FO MP PP MP PK MP
------------------------------------------------------------------------------------
Aidan Mcdonough 0 0 0 -1 0 1 0 0 0 0 0/0 7:36 0:00 0:00
Cal Burke 1 0 1 0 0 2 1 1 0 0 0/0 10:19 0:00 0:00
Connor Mackey 0 1 1 -1 2 1 0 1 0 0 0/0 19:42 3:41 0:44
Daniel O'regan 0 0 0 -1 0 1 0 0 1 1 21/36 21:44 4:03 1:43
Emile Poirier 0 3 3 1 0 0 3 0 1 0 1/1 19:41 4:29 0:44
Filip Chytil 0 0 0 0 0 2 3 0 0 0 2/4 11:26 0:00 0:44
Jason Dickinson 2 1 3 1 2 10 0 0 4 0 7/8 19:21 4:29 0:00
Joey Anderson 0 0 0 -1 0 1 0 0 0 0 0/0 7:36 0:00 0:00
Jonathan Dahlen 0 1 1 0 0 1 1 0 0 1 0/0 10:57 0:00 0:11
Justin Auger 1 0 1 1 0 2 0 0 3 0 0/0 19:08 4:29 0:00
Lawrence Pilut 0 0 0 1 0 0 1 0 0 0 0/0 10:41 0:00 0:00
Matt Luff 0 0 0 -1 0 1 3 0 1 0 1/1 20:10 4:03 0:00
Radel Fazleev 0 0 0 -1 0 1 1 0 0 0 2/2 7:36 0:00 0:00
Samuel Girard 0 1 1 -1 0 1 0 2 1 1 0/0 29:36 4:51 1:49
Shane Gersich 0 1 1 -1 0 4 4 1 1 0 0/0 21:52 4:03 1:44
Tucker Poolman 0 0 0 -1 0 1 1 3 0 1 0/0 29:36 4:51 1:49
Victor Soderstrom 0 0 0 1 0 0 0 0 0 0 0/0 10:41 0:00 0:00
Ville Pokka 0 0 0 -1 0 0 3 2 0 0 0/0 19:43 3:41 0:44
3 Stars
1 - Daniel Audette (Pro)
2 - Carson Meyer (Pro)
3 - Joel Kiviranta (Pro)
Power Play
Punishers - 1 on 2 Attempt(s) - 50.00%
Little Stars - 1 on 5 Attempt(s) - 20.00%
Penalty Kill
Punishers - 4 on 5 Attempt(s) - 80.00%
- Score 0 goal in Penalty Kill
Little Stars - 1 on 2 Attempt(s) - 50.00%
- Score 0 goal in Penalty Kill
Team Stat
Punishers - Hits : 21 - Faceoff Wins : 18 - Blocked Shots : 15 - Penalty Minutes : 10
Little Stars - Hits : 21 - Faceoff Wins : 34 - Blocked Shots : 10 - Penalty Minutes : 4
Official
Referees : TJ Luxmore and Furman South
Linesman : Matt MacPherson and Ryan Gibbons
Game Notes
No Game Note
Finance
Level 1 -- Attendance: 1837 (91.85%) -- Ticket Income $128,590
Level 2 -- Attendance: 904 (90.40%) -- Ticket Income $36,160
Total Attendance: 2741 (91.37%)
Total Ticket Income: $164,750
Other Income: $8,238
Total Income: $172,988
Punishers
5 vs 5 Forward
Center Left Wing Right Wing Time % Phy DF OF
1 Karson Kuhlman Oskar Lindblom Kole Lind 40 1 2 2
2 Daniel Audette Joel Kiviranta Carson Meyer 30 1 2 2
3 Adam Ruzicka Braden Tracey Jesse Ylonen 20 1 2 2
4 Ben Meyers Marcus Karlberg Oskar Lindblom 10 1 2 2
5 vs 5 Defense
Defense Defense Time % Phy DF OF
1 Ben Betker Niko Mikkola 40 1 2 2
2 Nicolas Beaudin Jack Ahcan 30 1 2 2
3 Urho Vaakanainen Rasmus Sandin 20 1 2 2
4 Lassi Thomson Ben Betker 10 1 2 2
PowerPlay Forward
Center Left Wing Right Wing Time % Phy DF OF
1 Karson Kuhlman Oskar Lindblom Kole Lind 60 1 2 2
2 Daniel Audette Joel Kiviranta Carson Meyer 40 1 2 2
PowerPlay Defense
Defense Defense Time % Phy DF OF
1 Ben Betker Niko Mikkola 60 1 2 2
2 Nicolas Beaudin Jack Ahcan 40 1 2 2
Penalty Kill 4 Players Forward
Center Wing Time % Phy DF OF
1 Oskar Lindblom Karson Kuhlman 60 1 2 2
2 Daniel Audette Kole Lind 40 1 2 2
Penalty Kill 4 Players Defense
Defense Defense Time % Phy DF OF
1 Ben Betker Niko Mikkola 60 1 2 2
2 Nicolas Beaudin Jack Ahcan 40 1 2 2
Penalty Kill - 3 Players Forward
Forward Time % Phy DF OF
1 Oskar Lindblom 60 1 2 2
2 Karson Kuhlman 40 1 2 2
Penalty Kill - 3 Players Defense
Defense Defense Time % Phy DF OF
1 Ben Betker Niko Mikkola 60 1 2 2
2 Nicolas Beaudin Jack Ahcan 40 1 2 2
4 vs 4 Forward
Center Wing Time % Phy DF OF
1 Oskar Lindblom Karson Kuhlman 60 1 2 2
2 Daniel Audette Kole Lind 40 1 2 2
4 vs 4 Defense
Defense Defense Time % Phy DF OF
1 Ben Betker Niko Mikkola 60 1 2 2
2 Nicolas Beaudin Jack Ahcan 40 1 2 2
Last Minutes Offensive
Center Left Wing Right Wing Defense Defense
Karson Kuhlman Oskar Lindblom Kole Lind Ben Betker Niko Mikkola
Last Minutes Defensive
Center Left Wing Right Wing Defense Defense
Karson Kuhlman Oskar Lindblom Kole Lind Ben Betker Niko Mikkola
Goaltenders
Starting : Antoine Bibeau
Backup : Cal Petersen
Extra Forwards
Normal : Ryan Suzuki, Adam Ruzicka, Jesse Ylonen - PP : Ryan Suzuki, Adam Ruzicka - PK : Jesse Ylonen
Extra Defensemen
Normal : Urho Vaakanainen, Rasmus Sandin, Lassi Thomson - PP : Urho Vaakanainen - PK : Rasmus Sandin, Lassi Thomson
Penalty Shots
Oskar Lindblom, Karson Kuhlman, Daniel Audette, Kole Lind, Carson Meyer
Custom OT Lines Forwards
Oskar Lindblom, Karson Kuhlman, Daniel Audette, Kole Lind, Carson Meyer, Adam Ruzicka, Jesse Ylonen, Joel Kiviranta, Ben Meyers, Braden Tracey
Custom OT Lines Defensemen
Ben Betker, Niko Mikkola, Nicolas Beaudin, Jack Ahcan, Urho Vaakanainen
Scratches
Kurtis Gabriel (Sprained Left Knee Injury), Noah Juulsen (Healthy), Warren Foegele (Healthy), Jack LaFontaine (Healthy), Carter Gylander (Healthy)
Little Stars
5 vs 5 Forward
Center Left Wing Right Wing Time % Phy DF OF
1 Daniel O'regan Shane Gersich Matt Luff 40 1 2 2
2 Jason Dickinson Emile Poirier Justin Auger 30 1 2 2
3 Filip Chytil Jonathan Dahlen Cal Burke 20 1 2 2
4 Radel Fazleev Aidan Mcdonough Joey Anderson 10 1 2 2
5 vs 5 Defense
Defense Defense Time % Phy DF OF
1 Samuel Girard Tucker Poolman 40 1 2 2
2 Ville Pokka Connor Mackey 30 1 2 2
3 Lawrence Pilut Victor Soderstrom 20 1 2 2
4 Samuel Girard Tucker Poolman 10 1 2 2
PowerPlay Forward
Center Left Wing Right Wing Time % Phy DF OF
1 Daniel O'regan Shane Gersich Matt Luff 60 0 2 3
2 Jason Dickinson Emile Poirier Justin Auger 40 0 2 3
PowerPlay Defense
Defense Defense Time % Phy DF OF
1 Samuel Girard Tucker Poolman 60 1 2 2
2 Ville Pokka Connor Mackey 40 1 2 2
Penalty Kill 4 Players Forward
Center Wing Time % Phy DF OF
1 Daniel O'regan Shane Gersich 60 1 2 2
2 Jason Dickinson Emile Poirier 40 1 2 2
Penalty Kill 4 Players Defense
Defense Defense Time % Phy DF OF
1 Samuel Girard Tucker Poolman 60 0 3 2
2 Ville Pokka Connor Mackey 40 0 3 2
Penalty Kill - 3 Players Forward
Forward Time % Phy DF OF
1 Daniel O'regan 60 1 2 2
2 Jason Dickinson 40 1 2 2
Penalty Kill - 3 Players Defense
Defense Defense Time % Phy DF OF
1 Samuel Girard Tucker Poolman 60 0 3 2
2 Ville Pokka Connor Mackey 40 0 3 2
4 vs 4 Forward
Center Wing Time % Phy DF OF
1 Daniel O'regan Shane Gersich 60 0 2 3
2 Jason Dickinson Emile Poirier 40 0 2 3
4 vs 4 Defense
Defense Defense Time % Phy DF OF
1 Samuel Girard Tucker Poolman 60 1 2 2
2 Ville Pokka Connor Mackey 40 1 2 2
Last Minutes Offensive
Center Left Wing Right Wing Defense Defense
Daniel O'regan Shane Gersich Matt Luff Samuel Girard Tucker Poolman
Last Minutes Defensive
Center Left Wing Right Wing Defense Defense
Daniel O'regan Shane Gersich Matt Luff Samuel Girard Tucker Poolman
Goaltenders
Starting : Danil Tarasov
Backup : Ilya Konovalov
Extra Forwards
Normal : Emile Poirier, Justin Auger, Filip Chytil - PP : Emile Poirier, Justin Auger - PK : Emile Poirier
Extra Defensemen
Normal : Connor Mackey, Lawrence Pilut, Victor Soderstrom - PP : Connor Mackey - PK : Connor Mackey, Lawrence Pilut
Penalty Shots
Daniel O'regan, Matt Luff, Shane Gersich, Jason Dickinson, Emile Poirier
Custom OT Lines Forwards
Daniel O'regan, Matt Luff, Shane Gersich, Jason Dickinson, Emile Poirier, Justin Auger, Filip Chytil, Radel Fazleev, Jonathan Dahlen, Aidan Mcdonough
Custom OT Lines Defensemen
Samuel Girard, Tucker Poolman, Ville Pokka, Connor Mackey, Lawrence Pilut
Scratches
Jack McBain (Healthy), Jean-Christophe Beaudin (Healthy), Rudolfs Balcers (Healthy), Yakov Trenin (Healthy), Givani Smith (Healthy)
Blade Jenkins (Healthy), Bulat Shafigullin (Healthy), Rhett Pitlick (Healthy), Michael Giugovaz (Healthy)
% Time on Ice - Punishers
Lines # - Real PCT - Wanted PCT - Time Play
Normal Forward
1 - 31% - 40% - 14:46
2 - 33% - 30% - 15:40
3 - 24% - 20% - 11:32
4 - 13% - 10% - 6:00
Normal Defense
1 - 37% - 40% - 17:38
2 - 33% - 30% - 15:47
3 - 25% - 20% - 11:49
4 - 6% - 10% - 2:44
PP Forward
1 - 56% - 60% - 1:26
2 - 44% - 40% - 1:07
PP Defense
1 - 65% - 60% - 1:39
2 - 35% - 40% - 0:54
PK Forward
1 - 70% - 60% - 5:58
2 - 30% - 40% - 2:34
PK Defense
1 - 52% - 60% - 4:28
2 - 48% - 40% - 4:04
PK3 Forward
1 - 0% - 60%
2 - 0% - 40%
PK3 Defense
1 - 0% - 60%
2 - 0% - 40%
44 Forward
1 - 0% - 60%
2 - 0% - 40%
44 Defense
1 - 0% - 60%
2 - 0% - 40%
Last Minute Offensive - 0:00
Last Minute Defensive - 0:57
Total
Forward - 60:00
Defense - 60:00
|
% Time on Ice - Little Stars
Lines # - Real PCT - Wanted PCT - Time Play
Normal Forward
1 - 32% - 40% - 15:11
2 - 31% - 30% - 14:49
3 - 22% - 20% - 10:19
4 - 16% - 10% - 7:36
Normal Defense
1 - 40% - 40% - 19:19
2 - 32% - 30% - 15:18
3 - 22% - 20% - 10:41
4 - 5% - 10% - 2:37
PP Forward
1 - 47% - 60% - 4:03
2 - 53% - 40% - 4:29
PP Defense
1 - 57% - 60% - 4:51
2 - 43% - 40% - 3:41
PK Forward
1 - 94% - 60% - 2:24
2 - 6% - 40% - 0:09
PK Defense
1 - 71% - 60% - 1:49
2 - 29% - 40% - 0:44
PK3 Forward
1 - 0% - 60%
2 - 0% - 40%
PK3 Defense
1 - 0% - 60%
2 - 0% - 40%
44 Forward
1 - 0% - 60%
2 - 0% - 40%
44 Defense
1 - 0% - 60%
2 - 0% - 40%
Last Minute Offensive - 1:00
Last Minute Defensive - 0:00
Total
Forward - 60:00
Defense - 60:00
|
Play-by-Play
1st period
0:01 of 1st period - Karson Kuhlman wins face-off versus Daniel O'regan in neutral zone.
0:37 of 1st period - Ville Pokka is hit by Carson Meyer and loses puck.
0:44 of 1st period - Jason Dickinson is hit by Niko Mikkola and loses puck.
1:30 of 1st period - Backhand shot by Joel Kiviranta.
1:30 of 1st period - Stopped by Danil Tarasov without a rebound.
1:31 of 1st period - Filip Chytil wins face-off versus Adam Ruzicka in Little Stars zone.
1:56 of 1st period - Oskar Lindblom is hit by Shane Gersich.
2:05 of 1st period - Off-side.
2:06 of 1st period - Radel Fazleev wins face-off versus Ben Meyers in neutral zone.
2:55 of 1st period - Snap shot by Adam Ruzicka.
2:55 of 1st period - Shot Misses the Net.
2:59 of 1st period - Slapshot by Adam Ruzicka.
2:59 of 1st period - Shot Misses the Net.
3:30 of 1st period - Victor Soderstrom is hit by Jack Ahcan and loses puck.
3:56 of 1st period - Wrist shot by Daniel O'regan.
3:56 of 1st period - Deflect By Joey Anderson.
3:56 of 1st period - Stopped by Antoine Bibeau without a rebound.
3:57 of 1st period - Radel Fazleev wins face-off versus Karson Kuhlman in Punishers zone.
4:00 of 1st period - Snap shot by Aidan Mcdonough.
4:00 of 1st period - Stopped by Antoine Bibeau with a rebound.
4:02 of 1st period - Slapshot by Samuel Girard.
4:02 of 1st period - Shot Blocked by Oskar Lindblom.
4:40 of 1st period - Nicolas Beaudin is hit by Shane Gersich and loses puck.
5:15 of 1st period - Wrist shot by Jason Dickinson.
5:15 of 1st period - Shot Blocked by Karson Kuhlman.
5:17 of 1st period - Wrist shot by Jason Dickinson.
5:17 of 1st period - Shot Blocked by Ben Betker.
5:19 of 1st period - Snap shot by Connor Mackey.
5:19 of 1st period - Stopped by Antoine Bibeau with a rebound.
5:21 of 1st period - Wrist shot by Emile Poirier.
5:21 of 1st period - Shot Misses the Net.
5:23 of 1st period - Slapshot by Jason Dickinson.
5:23 of 1st period - Shot Misses the Net.
5:42 of 1st period - Snap shot by Aidan Mcdonough.
5:42 of 1st period - Deflect By Daniel Audette.
5:42 of 1st period - Shot Blocked by Ben Betker.
5:42 of 1st period - Puck is out of play.
5:43 of 1st period - Daniel O'regan wins face-off versus Adam Ruzicka in Punishers zone.
5:44 of 1st period - Snap shot by Shane Gersich.
5:44 of 1st period - Deflect By Daniel O'regan.
5:44 of 1st period - Shot Blocked by Adam Ruzicka.
5:44 of 1st period - Puck is out of play.
5:45 of 1st period - Daniel O'regan wins face-off versus Adam Ruzicka in Punishers zone.
6:37 of 1st period - Carson Meyer is hit by Lawrence Pilut and loses puck.
6:54 of 1st period - Connor Mackey is hit by Ben Meyers and loses puck.
7:03 of 1st period - Snap shot by Emile Poirier.
7:03 of 1st period - Shot Blocked by Ben Betker.
7:49 of 1st period - Joey Anderson is hit by Joel Kiviranta and loses puck.
8:00 of 1st period - Snap shot by Jesse Ylonen.
8:00 of 1st period - Deflect By Braden Tracey.
8:00 of 1st period - Shot Misses the Net.
8:00 of 1st period - Puck is out of play.
8:01 of 1st period - Daniel O'regan wins face-off versus Adam Ruzicka in Little Stars zone.
8:30 of 1st period - Jason Dickinson is hit by Oskar Lindblom and loses puck.
8:53 of 1st period - Cal Burke is hit by Carson Meyer and loses puck.
9:06 of 1st period - Snap shot by Cal Burke.
9:06 of 1st period - Stopped by Antoine Bibeau without a rebound.
9:07 of 1st period - Daniel O'regan wins face-off versus Ben Meyers in Punishers zone.
9:08 of 1st period - Slapshot by Shane Gersich.
9:08 of 1st period - Stopped by Antoine Bibeau without a rebound.
9:09 of 1st period - Ben Meyers wins face-off versus Daniel O'regan in Punishers zone.
9:11 of 1st period - Icing by Oskar Lindblom.
9:12 of 1st period - Daniel O'regan wins face-off versus Ben Meyers in Punishers zone.
9:34 of 1st period - Snap shot by Oskar Lindblom.
9:34 of 1st period - Shot Misses the Net.
9:36 of 1st period - Slapshot by Niko Mikkola.
9:36 of 1st period - Deflect By Oskar Lindblom.
9:36 of 1st period - Stopped by Danil Tarasov without a rebound.
9:37 of 1st period - Jason Dickinson wins face-off versus Daniel Audette in Little Stars zone.
9:48 of 1st period - Wrist shot by Daniel Audette.
9:48 of 1st period - Stopped by Danil Tarasov without a rebound.
9:49 of 1st period - Daniel O'regan wins face-off versus Karson Kuhlman in Little Stars zone.
9:49 of 1st period - Daniel O'regan is hit by Oskar Lindblom.
10:25 of 1st period - Snap shot by Joel Kiviranta.
10:25 of 1st period - Shot Blocked by Tucker Poolman.
10:45 of 1st period - Snap shot by Filip Chytil.
10:45 of 1st period - Stopped by Antoine Bibeau without a rebound.
10:46 of 1st period - Daniel O'regan wins face-off versus Karson Kuhlman in Punishers zone.
11:43 of 1st period - Wrist shot by Daniel Audette.
11:43 of 1st period - Goal by Daniel Audette - Punishers : 1 - Little Stars : 0.
11:44 of 1st period - Jason Dickinson wins face-off versus Karson Kuhlman in neutral zone.
11:51 of 1st period - Wrist shot by Emile Poirier.
11:51 of 1st period - Shot Blocked by Niko Mikkola.
11:59 of 1st period - Wrist shot by Karson Kuhlman.
11:59 of 1st period - Shot Misses the Net.
12:11 of 1st period - Ben Betker is hit by Shane Gersich and loses puck.
12:34 of 1st period - Snap shot by Jesse Ylonen.
12:34 of 1st period - Stopped by Danil Tarasov with a rebound.
12:36 of 1st period - Slapshot by Adam Ruzicka.
12:36 of 1st period - Stopped by Danil Tarasov with a rebound.
12:38 of 1st period - Wrist shot by Adam Ruzicka.
12:38 of 1st period - Stopped by Danil Tarasov with a rebound.
12:48 of 1st period - Nicolas Beaudin is hit by Radel Fazleev and loses puck.
13:33 of 1st period - Snap shot by Justin Auger.
13:33 of 1st period - Stopped by Antoine Bibeau with a rebound.
13:35 of 1st period - Backhand shot by Jason Dickinson.
13:35 of 1st period - Stopped by Antoine Bibeau with a rebound.
13:41 of 1st period - Snap shot by Justin Auger.
13:41 of 1st period - Goal by Justin Auger - Punishers : 1 - Little Stars : 1.
13:42 of 1st period - Daniel O'regan wins face-off versus Karson Kuhlman in neutral zone.
13:45 of 1st period - Wrist shot by Shane Gersich.
13:45 of 1st period - Stopped by Antoine Bibeau with a rebound.
14:43 of 1st period - Slapshot by Adam Ruzicka.
14:43 of 1st period - Shot Misses the Net.
14:45 of 1st period - Wrist shot by Adam Ruzicka.
14:45 of 1st period - Stopped by Danil Tarasov with a rebound.
15:13 of 1st period - Minor Penalty to Oskar Lindblom for Cross-checking.
15:14 of 1st period - Daniel O'regan wins face-off versus Jesse Ylonen in Punishers zone.
17:13 of 1st period - Penalty to Oskar Lindblom is over, Oskar Lindblom is back on ice.
17:28 of 1st period - Slapshot by Jonathan Dahlen.
17:28 of 1st period - Shot Misses the Net.
18:16 of 1st period - Wrist shot by Filip Chytil.
18:16 of 1st period - Shot Hit the Post.
18:18 of 1st period - Slapshot by Cal Burke.
18:18 of 1st period - Shot Blocked by Jesse Ylonen.
19:25 of 1st period - Jason Dickinson is hit by Karson Kuhlman.
19:49 of 1st period - Slapshot by Ben Betker.
19:49 of 1st period - Shot Blocked by Tucker Poolman.
Goals for this period are 1 for Punishers vs 1 for Little Stars.
Shots for this period are 8 for Punishers vs 10 for Little Stars.
2nd period
0:01 of 2nd period - Daniel O'regan wins face-off versus Karson Kuhlman in neutral zone.
0:28 of 2nd period - Justin Auger is hit by Ben Betker and loses puck.
0:52 of 2nd period - Samuel Girard is hit by Braden Tracey and loses puck.
1:04 of 2nd period - Minor Penalty to Nicolas Beaudin for Holding.
1:05 of 2nd period - Oskar Lindblom wins face-off versus Daniel O'regan in Punishers zone.
2:05 of 2nd period - Icing by Samuel Girard.
2:06 of 2nd period - Daniel O'regan wins face-off versus Daniel Audette in Little Stars zone.
3:04 of 2nd period - Penalty to Nicolas Beaudin is over, Nicolas Beaudin is back on ice.
3:39 of 2nd period - Snap shot by Joel Kiviranta.
3:39 of 2nd period - Deflect By Nicolas Beaudin.
3:39 of 2nd period - Shot Misses the Net.
3:39 of 2nd period - Puck is out of play.
3:40 of 2nd period - Karson Kuhlman wins face-off versus Daniel O'regan in Little Stars zone.
3:44 of 2nd period - Minor Penalty to Connor Mackey for Hooking.
3:45 of 2nd period - Karson Kuhlman wins face-off versus Daniel O'regan in Little Stars zone.
3:45 of 2nd period - Slapshot by Kole Lind.
3:45 of 2nd period - Deflect By Karson Kuhlman.
3:45 of 2nd period - Shot Misses the Net.
3:45 of 2nd period - Puck is out of play.
3:46 of 2nd period - Daniel O'regan wins face-off versus Karson Kuhlman in Little Stars zone.
4:02 of 2nd period - Slapshot by Ben Betker.
4:02 of 2nd period - Shot Misses the Net.
4:18 of 2nd period - Wrist shot by Daniel Audette.
4:18 of 2nd period - Goal by Daniel Audette - Punishers : 2 - Little Stars : 1.
4:19 of 2nd period - Karson Kuhlman wins face-off versus Daniel O'regan in neutral zone.
4:28 of 2nd period - Backhand shot by Oskar Lindblom.
4:28 of 2nd period - Stopped by Danil Tarasov with a rebound.
4:44 of 2nd period - Ben Betker is hit by Emile Poirier and loses puck.
5:11 of 2nd period - Jesse Ylonen is hit by Ville Pokka and loses puck.
6:01 of 2nd period - Wrist shot by Joel Kiviranta.
6:01 of 2nd period - Goal by Joel Kiviranta - Punishers : 3 - Little Stars : 1.
6:02 of 2nd period - Daniel O'regan wins face-off versus Karson Kuhlman in neutral zone.
6:13 of 2nd period - Wrist shot by Shane Gersich.
6:13 of 2nd period - Shot Misses the Net.
6:35 of 2nd period - Backhand shot by Jason Dickinson.
6:35 of 2nd period - Stopped by Antoine Bibeau without a rebound.
6:36 of 2nd period - Jason Dickinson wins face-off versus Daniel Audette in Punishers zone.
6:49 of 2nd period - Backhand shot by Daniel Audette.
6:49 of 2nd period - Stopped by Danil Tarasov with a rebound.
6:51 of 2nd period - Snap shot by Jack Ahcan.
6:51 of 2nd period - Shot Misses the Net.
7:01 of 2nd period - Snap shot by Adam Ruzicka.
7:01 of 2nd period - Stopped by Danil Tarasov with a rebound.
7:25 of 2nd period - Snap shot by Shane Gersich.
7:25 of 2nd period - Shot Blocked by Urho Vaakanainen.
7:27 of 2nd period - Slapshot by Matt Luff.
7:27 of 2nd period - Stopped by Antoine Bibeau without a rebound.
7:28 of 2nd period - Daniel O'regan wins face-off versus Oskar Lindblom in Punishers zone.
7:39 of 2nd period - Slapshot by Oskar Lindblom.
7:39 of 2nd period - Stopped by Danil Tarasov with a rebound.
8:17 of 2nd period - Snap shot by Radel Fazleev.
8:17 of 2nd period - Stopped by Antoine Bibeau with a rebound.
8:19 of 2nd period - Slapshot by Ville Pokka.
8:19 of 2nd period - Shot Blocked by Adam Ruzicka.
8:42 of 2nd period - Minor Penalty to Jack Ahcan for Hooking.
8:43 of 2nd period - Daniel O'regan wins face-off versus Oskar Lindblom in Punishers zone.
8:53 of 2nd period - Wrist shot by Matt Luff.
8:53 of 2nd period - Shot Misses the Net.
9:03 of 2nd period - Daniel O'regan is hit by Oskar Lindblom and loses puck.
9:16 of 2nd period - Snap shot by Emile Poirier.
9:16 of 2nd period - Shot Misses the Net.
9:18 of 2nd period - Wrist shot by Jason Dickinson.
9:18 of 2nd period - Goal by Jason Dickinson - Punishers : 3 - Little Stars : 2.
9:19 of 2nd period - Karson Kuhlman wins face-off versus Daniel O'regan in neutral zone.
9:32 of 2nd period - Slapshot by Samuel Girard.
9:32 of 2nd period - Deflect By Shane Gersich.
9:32 of 2nd period - Stopped by Antoine Bibeau with a rebound.
9:34 of 2nd period - Wrist shot by Daniel O'regan.
9:34 of 2nd period - Stopped by Antoine Bibeau with a rebound.
9:46 of 2nd period - Icing by Ben Betker.
9:47 of 2nd period - Filip Chytil wins face-off versus Karson Kuhlman in Punishers zone.
10:04 of 2nd period - Wrist shot by Oskar Lindblom.
10:04 of 2nd period - Shot Misses the Net.
10:10 of 2nd period - Connor Mackey is hit by Karson Kuhlman and loses puck.
10:27 of 2nd period - Kole Lind is hit by Jonathan Dahlen and loses puck.
10:36 of 2nd period - Wrist shot by Cal Burke.
10:36 of 2nd period - Shot Misses the Net.
10:38 of 2nd period - Wrist shot by Cal Burke.
10:38 of 2nd period - Goal by Cal Burke - Punishers : 3 - Little Stars : 3.
10:39 of 2nd period - Daniel O'regan wins face-off versus Daniel Audette in neutral zone.
10:42 of 2nd period - Snap shot by Matt Luff.
10:42 of 2nd period - Shot Misses the Net.
10:44 of 2nd period - Slapshot by Shane Gersich.
10:44 of 2nd period - Stopped by Antoine Bibeau without a rebound.
10:45 of 2nd period - Daniel Audette wins face-off versus Daniel O'regan in Punishers zone.
10:45 of 2nd period - Daniel Audette is hit by Matt Luff.
10:51 of 2nd period - Slapshot by Ben Betker.
10:51 of 2nd period - Shot Misses the Net.
11:09 of 2nd period - Snap shot by Joel Kiviranta.
11:09 of 2nd period - Stopped by Danil Tarasov without a rebound.
11:10 of 2nd period - Jason Dickinson wins face-off versus Kole Lind in Little Stars zone.
11:37 of 2nd period - Jason Dickinson is hit by Joel Kiviranta.
11:43 of 2nd period - Snap shot by Daniel Audette.
11:43 of 2nd period - Stopped by Danil Tarasov without a rebound.
11:44 of 2nd period - Daniel O'regan wins face-off versus Joel Kiviranta in Little Stars zone.
13:26 of 2nd period - Snap shot by Jason Dickinson.
13:26 of 2nd period - Shot Blocked by Urho Vaakanainen.
13:38 of 2nd period - Wrist shot by Daniel Audette.
13:38 of 2nd period - Shot Misses the Net.
13:55 of 2nd period - Ville Pokka is hit by Jesse Ylonen.
15:13 of 2nd period - Slapshot by Filip Chytil.
15:13 of 2nd period - Stopped by Antoine Bibeau with a rebound.
15:47 of 2nd period - Ben Betker is hit by Emile Poirier and loses puck.
16:21 of 2nd period - Connor Mackey is hit by Daniel Audette and loses puck.
16:48 of 2nd period - Slapshot by Niko Mikkola.
16:48 of 2nd period - Shot Blocked by Ville Pokka.
16:56 of 2nd period - Wrist shot by Shane Gersich.
16:56 of 2nd period - Shot Blocked by Jesse Ylonen.
17:02 of 2nd period - Minor Penalty to Braden Tracey for Hooking.
17:03 of 2nd period - Oskar Lindblom wins face-off versus Daniel O'regan in Punishers zone.
17:36 of 2nd period - Icing by Tucker Poolman.
17:37 of 2nd period - Jason Dickinson wins face-off versus Daniel Audette in Little Stars zone.
17:42 of 2nd period - Slapshot by Samuel Girard.
17:42 of 2nd period - Stopped by Antoine Bibeau with a rebound.
17:44 of 2nd period - Wrist shot by Tucker Poolman.
17:44 of 2nd period - Shot Blocked by Kole Lind.
17:46 of 2nd period - Slapshot by Justin Auger.
17:46 of 2nd period - Shot Hit the Post.
18:22 of 2nd period - Wrist shot by Jason Dickinson.
18:22 of 2nd period - Stopped by Antoine Bibeau with a rebound.
19:02 of 2nd period - Penalty to Braden Tracey is over, Braden Tracey is back on ice.
19:51 of 2nd period - Slapshot by Jason Dickinson.
19:51 of 2nd period - Stopped by Antoine Bibeau without a rebound.
19:52 of 2nd period - Matt Luff wins face-off versus Ben Meyers in Punishers zone.
19:53 of 2nd period - Snap shot by Shane Gersich.
19:53 of 2nd period - Shot Blocked by Marcus Karlberg.
Goals for this period are 2 for Punishers vs 2 for Little Stars.
Shots for this period are 8 for Punishers vs 12 for Little Stars.
3rd period
0:01 of 3rd period - Daniel O'regan wins face-off versus Karson Kuhlman in neutral zone.
0:26 of 3rd period - Ben Betker is hit by Emile Poirier and loses puck.
0:45 of 3rd period - Braden Tracey is hit by Cal Burke and loses puck.
1:10 of 3rd period - Snap shot by Kole Lind.
1:10 of 3rd period - Stopped by Danil Tarasov with a rebound.
1:14 of 3rd period - Snap shot by Karson Kuhlman.
1:14 of 3rd period - Shot Blocked by Connor Mackey.
1:28 of 3rd period - Niko Mikkola is hit by Ville Pokka and loses puck.
2:09 of 3rd period - Carson Meyer is hit by Filip Chytil and loses puck.
2:16 of 3rd period - Snap shot by Jonathan Dahlen.
2:16 of 3rd period - Deflect By Niko Mikkola.
2:16 of 3rd period - Stopped by Antoine Bibeau without a rebound.
2:17 of 3rd period - Oskar Lindblom wins face-off versus Daniel O'regan in Punishers zone.
2:17 of 3rd period - Oskar Lindblom is hit by Matt Luff.
4:02 of 3rd period - Snap shot by Jason Dickinson.
4:02 of 3rd period - Stopped by Antoine Bibeau without a rebound.
4:03 of 3rd period - Jason Dickinson wins face-off versus Ben Meyers in Punishers zone.
4:07 of 3rd period - Niko Mikkola is hit by Tucker Poolman and loses puck.
4:41 of 3rd period - Ben Betker is hit by Ville Pokka and loses puck.
5:15 of 3rd period - Icing by Adam Ruzicka.
5:16 of 3rd period - Emile Poirier wins face-off versus Adam Ruzicka in Punishers zone.
5:19 of 3rd period - Snap shot by Jason Dickinson.
5:19 of 3rd period - Stopped by Antoine Bibeau with a rebound.
5:21 of 3rd period - Wrist shot by Emile Poirier.
5:21 of 3rd period - Shot Misses the Net.
5:49 of 3rd period - Jason Dickinson is hit by Nicolas Beaudin and loses puck.
6:00 of 3rd period - Snap shot by Jason Dickinson.
6:00 of 3rd period - Stopped by Antoine Bibeau without a rebound.
6:01 of 3rd period - Daniel O'regan wins face-off versus Karson Kuhlman in Punishers zone.
6:02 of 3rd period - Wrist shot by Shane Gersich.
6:02 of 3rd period - Shot Misses the Net.
6:14 of 3rd period - Snap shot by Oskar Lindblom.
6:14 of 3rd period - Deflect By Daniel O'regan.
6:14 of 3rd period - Stopped by Danil Tarasov with a rebound.
6:16 of 3rd period - Slapshot by Niko Mikkola.
6:16 of 3rd period - Shot Blocked by Ville Pokka.
6:23 of 3rd period - Icing by Connor Mackey.
6:24 of 3rd period - Carson Meyer wins face-off versus Filip Chytil in Little Stars zone.
6:59 of 3rd period - Slapshot by Jason Dickinson.
6:59 of 3rd period - Stopped by Antoine Bibeau with a rebound.
7:15 of 3rd period - Wrist shot by Carson Meyer.
7:15 of 3rd period - Stopped by Danil Tarasov with a rebound.
7:17 of 3rd period - Wrist shot by Joel Kiviranta.
7:17 of 3rd period - Goal by Joel Kiviranta - Punishers : 4 - Little Stars : 3.
7:18 of 3rd period - Karson Kuhlman wins face-off versus Daniel O'regan in neutral zone.
7:43 of 3rd period - Tucker Poolman is hit by Jesse Ylonen and loses puck.
7:59 of 3rd period - Snap shot by Shane Gersich.
7:59 of 3rd period - Deflect By Daniel O'regan.
7:59 of 3rd period - Shot Misses the Net.
7:59 of 3rd period - Puck is out of play.
8:00 of 3rd period - Jason Dickinson wins face-off versus Ben Meyers in Punishers zone.
8:03 of 3rd period - Snap shot by Jason Dickinson.
8:03 of 3rd period - Shot Misses the Net.
8:05 of 3rd period - Slapshot by Connor Mackey.
8:05 of 3rd period - Deflect By Jason Dickinson.
8:05 of 3rd period - Goal by Jason Dickinson - Punishers : 4 - Little Stars : 4.
8:06 of 3rd period - Karson Kuhlman wins face-off versus Daniel O'regan in neutral zone.
8:45 of 3rd period - Snap shot by Carson Meyer.
8:45 of 3rd period - Shot Misses the Net.
8:55 of 3rd period - Adam Ruzicka is hit by Filip Chytil and loses puck.
9:02 of 3rd period - Wrist shot by Braden Tracey.
9:02 of 3rd period - Goal by Braden Tracey - Punishers : 5 - Little Stars : 4.
9:03 of 3rd period - Karson Kuhlman wins face-off versus Daniel O'regan in neutral zone.
9:39 of 3rd period - Minor Penalty to Jason Dickinson for High sticking.
9:40 of 3rd period - Karson Kuhlman wins face-off versus Daniel O'regan in Little Stars zone.
9:42 of 3rd period - Snap shot by Oskar Lindblom.
9:42 of 3rd period - Shot Blocked by Samuel Girard.
10:06 of 3rd period - Samuel Girard is hit by Daniel Audette and loses puck.
10:11 of 3rd period - Slapshot by Daniel Audette.
10:11 of 3rd period - Shot Blocked by Shane Gersich.
10:13 of 3rd period - Slapshot by Jack Ahcan.
10:13 of 3rd period - Stopped by Danil Tarasov without a rebound.
10:14 of 3rd period - Daniel Audette wins face-off versus Daniel O'regan in Little Stars zone.
10:15 of 3rd period - Wrist shot by Joel Kiviranta.
10:15 of 3rd period - Shot Misses the Net.
11:07 of 3rd period - Slapshot by Ben Betker.
11:07 of 3rd period - Shot Blocked by Tucker Poolman.
11:39 of 3rd period - Penalty to Jason Dickinson is over, Jason Dickinson is back on ice.
12:17 of 3rd period - Wrist shot by Joey Anderson.
12:17 of 3rd period - Shot Blocked by Rasmus Sandin.
12:19 of 3rd period - Wrist shot by Joey Anderson.
12:19 of 3rd period - Shot Misses the Net.
12:51 of 3rd period - Joel Kiviranta is hit by Matt Luff and loses puck.
13:12 of 3rd period - Slapshot by Marcus Karlberg.
13:12 of 3rd period - Stopped by Danil Tarasov with a rebound.
13:14 of 3rd period - Slapshot by Nicolas Beaudin.
13:14 of 3rd period - Deflect By Ben Meyers.
13:14 of 3rd period - Stopped by Danil Tarasov with a rebound.
13:16 of 3rd period - Slapshot by Nicolas Beaudin.
13:16 of 3rd period - Stopped by Danil Tarasov with a rebound.
13:18 of 3rd period - Slapshot by Nicolas Beaudin.
13:18 of 3rd period - Shot Blocked by Cal Burke.
13:20 of 3rd period - Slapshot by Nicolas Beaudin.
13:20 of 3rd period - Stopped by Danil Tarasov with a rebound.
13:37 of 3rd period - Minor Penalty to Joel Kiviranta for Tripping.
13:38 of 3rd period - Daniel O'regan wins face-off versus Oskar Lindblom in Punishers zone.
15:37 of 3rd period - Penalty to Joel Kiviranta is over, Joel Kiviranta is back on ice.
15:51 of 3rd period - Ben Betker is hit by Filip Chytil and loses puck.
16:36 of 3rd period - Snap shot by Adam Ruzicka.
16:36 of 3rd period - Stopped by Danil Tarasov with a rebound.
16:38 of 3rd period - Snap shot by Urho Vaakanainen.
16:38 of 3rd period - Stopped by Danil Tarasov with a rebound.
16:40 of 3rd period - Slapshot by Urho Vaakanainen.
16:40 of 3rd period - Shot Blocked by Samuel Girard.
16:47 of 3rd period - Icing by Samuel Girard.
16:48 of 3rd period - Daniel Audette wins face-off versus Jason Dickinson in Little Stars zone.
17:30 of 3rd period - Snap shot by Jesse Ylonen.
17:30 of 3rd period - Stopped by Danil Tarasov with a rebound.
18:00 of 3rd period - Icing by Jonathan Dahlen.
18:01 of 3rd period - Daniel Audette wins face-off versus Filip Chytil in Little Stars zone.
18:49 of 3rd period - Tucker Poolman is hit by Joel Kiviranta and loses puck.
18:56 of 3rd period - Little Stars, Danil Tarasov is pulled from the net.
19:20 of 3rd period - Shane Gersich is hit by Oskar Lindblom and loses puck.
19:33 of 3rd period - Snap shot by Shane Gersich.
19:33 of 3rd period - Shot Misses the Net.
19:35 of 3rd period - Slapshot by Tucker Poolman.
19:35 of 3rd period - Stopped by Antoine Bibeau without a rebound.
19:36 of 3rd period - Mike Yeo call a timeout for Little Stars.
19:36 of 3rd period - Daniel O'regan wins face-off versus Karson Kuhlman in Punishers zone.
19:56 of 3rd period - Karson Kuhlman is hit by Shane Gersich and loses puck.
Goals for this period are 2 for Punishers vs 1 for Little Stars.
Shots for this period are 13 for Punishers vs 7 for Little Stars.
Output by the SimonT Hockey Simulator (STHS) for Francois Prevost